Staline vs Griffins
(R2)
Created - December 20, 2017 at 23:09
Goals
|
Staline |
1 |
2 |
2 |
5 |
Griffins |
2 |
1 |
0 |
3 |
|
Shots
|
Staline |
15 |
13 |
9 |
37 |
Griffins |
13 |
17 |
7 |
37 |
|
1st period
1. Griffins , Robert Dome 12 (Jamie Arniel 26, Simon Despres 11) at 1:54 (PP)
2. Griffins , Oscar Klefbom 2 (Mike Duco 9, Petter Granberg 4) at 5:12
3. Staline , Jeff Skinner 17 (Lars Eller 29, Dustin Kohn 24) at 18:46 (PP)
Penalties :
Viktor Loov (StJ) for Hooking (Minor) at 1:20, Nathan Oystrick (Cap) for Hooking (Minor) at 14:15, Justin Braun (Cap) for High sticking (Minor) at 18:40
2nd period
4. Staline , Jeff Skinner 18 (Tyler Pitlick 14, Lars Eller 30) at 10:14
5. Staline , Lars Eller 9 (Dustin Kohn 25, Jeff Skinner 13) at 14:00
6. Griffins , Ben Hanowski 5 (Greg Mauldin 4, Oscar Klefbom 22) at 18:20
Penalties :
J.T. Brown (Cap) for Tripping (Minor) at 0:34, Greg Mauldin (Cap) for Hooking (Minor) at 4:23, Justin Braun (Cap) for Interference (Minor) at 10:41, Simon Despres (Cap) for Tripping (Minor) at 15:01
3rd period
7. Staline , James Sheppard 8 (David Desharnais 18, Dustin Kohn 26) at 0:37
8. Staline , Tyler Pitlick 10 (Jeff Skinner 14, Dustin Kohn 27) at 7:10 (PP)
Penalties :
Tyler Pitlick (StJ) for Hooking (Minor) at 1:35, Andrey Pedan (StJ) for Roughing (Minor) at 3:46, Petr Pohl (Cap) for Tripping (Minor) at 4:39, J.T. Brown (Cap) for Tripping (Minor) at 6:22, Simon Despres (Cap) for High sticking (Minor) at 7:15, Vladislav Namestnikov (Cap) for Tripping (Minor) at 12:38, Justin Braun (Cap) for Holding (Minor) at 15:05, Andrey Pedan (StJ) for Tripping (Minor) at 17:11, Philip Larsen (StJ) for Tripping (Minor) at 19:54
Goalie Stats
Allen York (StJ), 34 saves from 37 shots - (0.919), W, 14-4-3, 60:00 minutes
Jason Missiaen (Cap), 32 saves from 37 shots - (0.865), L, 13-4-3, 60:00 minutes
Players Stats for Staline
Player Name G A P +/- PIM S H SB GA TA FO MP PP MP PK MP
------------------------------------------------------------------------------------
Andrey Pedan 0 0 0 0 4 0 0 2 0 0 0/0 8:03 0:03 0:00
Barclay Goodrow 0 0 0 0 0 1 0 0 0 0 0/0 6:35 0:07 0:00
Brandon Burlon 0 0 0 2 0 2 4 1 0 0 0/0 28:40 10:13 3:32
Bryan Bickell 0 0 0 0 0 2 2 0 1 0 0/1 8:55 0:03 0:31
Charles Hudon 0 0 0 0 0 0 0 0 0 0 0/0 0:54 0:07 0:00
Corey Trivino 0 0 0 0 0 2 0 1 0 0 2/3 6:02 0:00 0:00
Danny Kristo 0 0 0 0 0 0 0 1 0 1 0/0 8:19 0:00 0:00
David Desharnais 0 1 1 1 0 1 1 0 0 0 8/17 20:22 7:12 3:41
Dustin Kohn 0 4 4 3 0 5 2 3 0 0 0/0 29:40 10:13 3:32
James Sheppard 1 0 1 1 0 4 3 1 1 0 1/1 16:21 7:12 0:00
Jeff Skinner 2 2 4 0 0 4 3 0 2 1 2/3 22:05 10:01 0:00
Jiri Sekac 0 0 0 0 0 2 0 1 0 0 1/1 6:02 0:00 0:00
Jordan Caron 0 0 0 1 0 0 0 0 0 0 0/1 17:50 7:12 1:16
Lars Eller 1 2 3 0 0 10 4 0 0 1 18/40 25:46 10:01 3:09
Marek Zagrapan 0 0 0 0 0 2 0 0 0 0 4/6 9:21 0:03 0:58
Mike Reilly 0 0 0 0 0 0 0 0 0 1 0/0 8:02 0:00 0:00
Nikita Nesterov 0 0 0 1 0 0 0 0 0 0 0/0 1:00 0:00 0:00
Peter Holland 0 0 0 0 0 0 0 0 0 0 0/0 1:41 0:07 0:36
Philip Larsen 0 0 0 -2 2 1 0 1 1 0 0/0 22:17 7:10 1:58
Tyler Pitlick 1 1 2 0 2 1 2 0 1 1 1/3 23:07 10:01 0:49
Viktor Loov 0 0 0 -2 2 0 0 4 0 1 0/0 22:17 7:10 1:58
Players Stats for Griffins
Player Name G A P +/- PIM S H SB GA TA FO MP PP MP PK MP
------------------------------------------------------------------------------------
Ben Hanowski 1 0 1 1 0 4 1 0 1 0 0/0 12:06 2:25 0:00
Devin Shore 0 0 0 -1 0 1 0 0 0 0 5/9 10:06 0:28 0:30
Greg Mauldin 0 1 1 1 2 3 0 0 0 0 6/14 12:29 2:25 0:00
J.T. Brown 0 0 0 -1 4 1 2 0 0 1 0/1 13:48 0:00 4:47
Jamie Arniel 0 1 1 -2 0 2 2 3 1 1 21/38 25:11 2:44 9:46
Jan Mursak 0 0 0 1 0 2 0 0 1 1 1/1 14:35 0:00 9:30
Justin Braun 0 0 0 -2 6 4 0 2 2 2 0/0 27:12 2:13 7:49
Kyle Lawson 0 0 0 1 0 1 2 2 0 0 0/0 20:58 0:00 9:53
Mike Duco 0 1 1 1 0 2 1 0 0 1 0/0 9:54 0:00 5:28
Nathan Oystrick 0 0 0 0 2 2 0 0 0 0 0/0 17:17 0:00 6:53
Oscar Klefbom 1 1 2 1 0 3 1 0 0 0 0/0 17:56 3:17 4:43
Petr Pohl 0 0 0 -2 2 4 1 0 0 0 1/5 17:10 2:43 2:19
Petter Granberg 0 1 1 0 0 0 2 2 0 0 0/0 11:56 2:13 0:00
Pontus Aberg 0 0 0 1 0 0 1 0 0 0 0/0 11:22 0:37 0:00
Robert Dome 1 0 1 -1 0 3 0 0 1 0 0/1 12:22 2:58 0:00
Simon Despres 0 1 1 -2 4 3 1 1 0 0 0/0 25:09 3:17 5:28
Tye McGinn 0 0 0 -2 0 2 2 1 0 0 2/2 17:05 2:09 2:09
Vladislav Namestnikov 0 0 0 1 2 0 0 0 0 0 3/5 4:28 0:00 0:00
3 Stars
1 - Jeff Skinner (StJ)
2 - Dustin Kohn (StJ)
3 - Lars Eller (StJ)
Power Play
Staline - 2 on 11 Attempt(s) - 18.18%
Griffins - 1 on 5 Attempt(s) - 20.00%
Penalty Kill
Staline - 4 on 5 Attempt(s) - 80.00%
- Score 0 goal in Penalty Kill
Griffins - 9 on 11 Attempt(s) - 81.82%
- Score 0 goal in Penalty Kill
Team Stat
Staline - Hits : 21 - Faceoff Wins : 37 - Blocked Shots : 15 - Penalty Minutes : 10
Griffins - Hits : 16 - Faceoff Wins : 39 - Blocked Shots : 11 - Penalty Minutes : 22
Official
Referees : O'Rourke Dan and O'Halloran Dan
Linesman : Scott Cherrey and Steve Miller
Game Notes
No Game Note
Finance
Level 1 -- Attendance: 1419 (70.95%) -- Ticket Income $49,665
Level 2 -- Attendance: 761 (76.10%) -- Ticket Income $15,220
Total Attendance: 2180 (72.67%)
Total Ticket Income: $64,885
Other Income: $3,244
Total Income: $68,129
Staline
5 vs 5 Forward
Center Left Wing Right Wing Time % Phy DF OF
1 Lars Eller Jeff Skinner Tyler Pitlick 40 1 2 2
2 David Desharnais James Sheppard Jordan Caron 30 1 2 2
3 Marek Zagrapan Bryan Bickell Danny Kristo 20 1 2 2
4 Corey Trivino Jiri Sekac Barclay Goodrow 10 1 2 2
5 vs 5 Defense
Defense Defense Time % Phy DF OF
1 Dustin Kohn Brandon Burlon 40 1 2 2
2 Philip Larsen Viktor Loov 30 1 2 2
3 Mike Reilly Andrey Pedan 20 1 2 2
4 Nikita Nesterov Dustin Kohn 10 1 2 2
PowerPlay Forward
Center Left Wing Right Wing Time % Phy DF OF
1 Lars Eller Jeff Skinner Tyler Pitlick 60 1 2 2
2 David Desharnais James Sheppard Jordan Caron 40 1 2 2
PowerPlay Defense
Defense Defense Time % Phy DF OF
1 Dustin Kohn Brandon Burlon 60 1 2 2
2 Philip Larsen Viktor Loov 40 1 2 2
Penalty Kill 4 Players Forward
Center Wing Time % Phy DF OF
1 Lars Eller David Desharnais 60 1 2 2
2 Tyler Pitlick Jordan Caron 40 1 2 2
Penalty Kill 4 Players Defense
Defense Defense Time % Phy DF OF
1 Dustin Kohn Brandon Burlon 60 1 2 2
2 Philip Larsen Viktor Loov 40 1 2 2
Penalty Kill - 3 Players Forward
Forward Time % Phy DF OF
1 Lars Eller 60 1 2 2
2 David Desharnais 40 1 2 2
Penalty Kill - 3 Players Defense
Defense Defense Time % Phy DF OF
1 Dustin Kohn Brandon Burlon 60 1 2 2
2 Philip Larsen Viktor Loov 40 1 2 2
4 vs 4 Forward
Center Wing Time % Phy DF OF
1 Lars Eller David Desharnais 60 1 2 2
2 Tyler Pitlick Jordan Caron 40 1 2 2
4 vs 4 Defense
Defense Defense Time % Phy DF OF
1 Dustin Kohn Brandon Burlon 60 1 2 2
2 Philip Larsen Viktor Loov 40 1 2 2
Last Minutes Offensive
Center Left Wing Right Wing Defense Defense
Lars Eller Jeff Skinner Tyler Pitlick Dustin Kohn Brandon Burlon
Last Minutes Defensive
Center Left Wing Right Wing Defense Defense
Lars Eller Jeff Skinner Tyler Pitlick Dustin Kohn Brandon Burlon
Goaltenders
Starting : Allen York
Backup : Darcy Kuemper
Extra Forwards
Normal : Peter Holland, Charles Hudon, Marek Zagrapan - PP : Peter Holland, Charles Hudon - PK : Marek Zagrapan
Extra Defensemen
Normal : Mike Reilly, Andrey Pedan, Nikita Nesterov - PP : Mike Reilly - PK : Andrey Pedan, Nikita Nesterov
Penalty Shots
Lars Eller, David Desharnais, Tyler Pitlick, Jordan Caron, Jeff Skinner
Scratches
David Musil (Left Foot Injury), Joni Ortio (Healthy), Sean Maguire (Healthy)
Griffins
5 vs 5 Forward
Center Left Wing Right Wing Time % Phy DF OF
1 Jamie Arniel Tye McGinn Petr Pohl 40 0 2 3
2 Devin Shore Robert Dome J.T. Brown 25 0 2 3
3 Greg Mauldin Pontus Aberg Ben Hanowski 25 0 2 3
4 Vladislav Namestnikov Jan Mursak Mike Duco 10 0 2 3
5 vs 5 Defense
Defense Defense Time % Phy DF OF
1 Justin Braun Simon Despres 40 1 2 2
2 Kyle Lawson Oscar Klefbom 30 1 2 2
3 Nathan Oystrick Petter Granberg 20 1 2 2
4 Nathan Oystrick Petter Granberg 10 1 2 2
PowerPlay Forward
Center Left Wing Right Wing Time % Phy DF OF
1 Jamie Arniel Robert Dome Petr Pohl 60 0 1 4
2 Greg Mauldin Tye McGinn Ben Hanowski 40 0 1 4
PowerPlay Defense
Defense Defense Time % Phy DF OF
1 Simon Despres Oscar Klefbom 60 0 1 4
2 Justin Braun Petter Granberg 40 0 1 4
Penalty Kill 4 Players Forward
Center Wing Time % Phy DF OF
1 Jamie Arniel Jan Mursak 60 1 2 2
2 J.T. Brown Mike Duco 40 1 2 2
Penalty Kill 4 Players Defense
Defense Defense Time % Phy DF OF
1 Kyle Lawson Justin Braun 60 1 2 2
2 Simon Despres Nathan Oystrick 40 1 2 2
Penalty Kill - 3 Players Forward
Forward Time % Phy DF OF
1 Jamie Arniel 60 1 2 2
2 Mike Duco 40 1 2 2
Penalty Kill - 3 Players Defense
Defense Defense Time % Phy DF OF
1 Kyle Lawson Justin Braun 60 1 2 2
2 Simon Despres Nathan Oystrick 40 1 2 2
4 vs 4 Forward
Center Wing Time % Phy DF OF
1 Robert Dome Petr Pohl 60 1 2 2
2 Jamie Arniel Tye McGinn 40 1 2 2
4 vs 4 Defense
Defense Defense Time % Phy DF OF
1 Nathan Oystrick Oscar Klefbom 60 1 2 2
2 Justin Braun Simon Despres 40 1 2 2
Last Minutes Offensive
Center Left Wing Right Wing Defense Defense
Jamie Arniel Robert Dome Petr Pohl Oscar Klefbom Simon Despres
Last Minutes Defensive
Center Left Wing Right Wing Defense Defense
Jamie Arniel Jan Mursak Mike Duco Justin Braun Nathan Oystrick
Goaltenders
Starting : Jason Missiaen
Backup : Thomas Greiss
Extra Forwards
Normal : Jamie Arniel, Tye McGinn, Pontus Aberg - PP : Pontus Aberg, Devin Shore - PK : Petr Pohl
Extra Defensemen
Normal : Simon Despres, Oscar Klefbom, Petter Granberg - PP : Justin Braun - PK : Simon Despres, Oscar Klefbom
Penalty Shots
Robert Dome, Petr Pohl, Jamie Arniel, Tye McGinn, Greg Mauldin
Scratches
Garrett Wilson (Healthy), Gord Baldwin (Broken Bone (Right Foot) Injury), Tanner Kero (Healthy), Greg McKegg (Healthy), Lucas Lessio (Healthy)
Brett Bulmer (Healthy), Stuart Percy (Healthy), Rich Clune (Healthy), Jerome Gauthier-Leduc (Healthy), Konrad Abeltshauser (Healthy)
Tomas Hyka (Healthy), Brian Hart (Healthy), Casey Wellman (Healthy), Tyler Beskorowany (Healthy)
% Time on Ice - Staline
Lines # - Real PCT - Wanted PCT - Time Play
Normal Forward
1 - 35% - 40% - 12:31
2 - 25% - 30% - 9:09
3 - 23% - 20% - 8:19
4 - 17% - 10% - 6:02
Normal Defense
1 - 40% - 40% - 14:19
2 - 35% - 30% - 12:40
3 - 22% - 20% - 8:02
4 - 3% - 10% - 1:00
PP Forward
1 - 59% - 60% - 10:11
2 - 41% - 40% - 7:12
PP Defense
1 - 59% - 60% - 10:13
2 - 41% - 40% - 7:10
PK Forward
1 - 77% - 60% - 4:14
2 - 23% - 40% - 1:16
PK Defense
1 - 64% - 60% - 3:32
2 - 36% - 40% - 1:58
PK3 Forward
1 - 0% - 60%
2 - 0% - 40%
PK3 Defense
1 - 0% - 60%
2 - 0% - 40%
44 Forward
1 - 80% - 60% - 0:53
2 - 20% - 40% - 0:13
44 Defense
1 - 55% - 60% - 0:36
2 - 45% - 40% - 0:30
Last Minute Offensive - 0:00
Last Minute Defensive - 0:00
Total
Forward - 60:00
Defense - 60:00
|
% Time on Ice - Griffins
Lines # - Real PCT - Wanted PCT - Time Play
Normal Forward
1 - 37% - 40% - 13:16
2 - 24% - 25% - 8:42
3 - 27% - 25% - 9:40
4 - 12% - 10% - 4:23
Normal Defense
1 - 45% - 40% - 16:02
2 - 30% - 30% - 10:50
3 - 19% - 20% - 7:01
4 - 6% - 10% - 2:08
PP Forward
1 - 56% - 60% - 3:05
2 - 44% - 40% - 2:25
PP Defense
1 - 60% - 60% - 3:17
2 - 40% - 40% - 2:13
PK Forward
1 - 68% - 60% - 11:39
2 - 32% - 40% - 5:28
PK Defense
1 - 62% - 60% - 10:41
2 - 38% - 40% - 6:26
PK3 Forward
1 - 100% - 60% - 0:16
2 - 0% - 40% - 0:00
PK3 Defense
1 - 100% - 60% - 0:16
2 - 0% - 40% - 0:00
44 Forward
1 - 100% - 60% - 1:06
2 - 0% - 40% - 0:00
44 Defense
1 - 44% - 60% - 0:29
2 - 56% - 40% - 0:37
Last Minute Offensive - 0:00
Last Minute Defensive - 0:00
Total
Forward - 60:00
Defense - 60:00
|
Play by Play
1st period
0:01 of 1st period - Jeff Skinner wins face-off versus Jamie Arniel in neutral zone.
0:43 of 1st period - Icing by Kyle Lawson.
0:44 of 1st period - Marek Zagrapan wins face-off versus Devin Shore in Griffins zone.
1:11 of 1st period - Snap shot by Robert Dome.
1:11 of 1st period - Stopped by Allen York with a rebound.
1:20 of 1st period - Minor Penalty to Viktor Loov for Hooking.
1:21 of 1st period - Lars Eller wins face-off versus Greg Mauldin in Staline zone.
1:47 of 1st period - Dustin Kohn is hit by Petr Pohl and loses puck.
1:54 of 1st period - Wrist shot by Robert Dome.
1:54 of 1st period - Goal by Robert Dome - Staline : 0 - Griffins : 1.
1:55 of 1st period - Greg Mauldin wins face-off versus Lars Eller in neutral zone.
2:08 of 1st period - Wrist shot by Ben Hanowski.
2:08 of 1st period - Deflect By Lars Eller.
2:08 of 1st period - Shot Misses the Net.
2:08 of 1st period - Puck is out of play.
2:09 of 1st period - Jamie Arniel wins face-off versus David Desharnais in Staline zone.
2:22 of 1st period - Wrist shot by Tye McGinn.
2:22 of 1st period - Deflect By Jamie Arniel.
2:22 of 1st period - Shot Blocked by Dustin Kohn.
2:22 of 1st period - Puck is out of play.
2:23 of 1st period - Lars Eller wins face-off versus Greg Mauldin in Staline zone.
2:46 of 1st period - Icing by Justin Braun.
2:47 of 1st period - Corey Trivino wins face-off versus Jamie Arniel in Griffins zone.
2:58 of 1st period - Snap shot by Jiri Sekac.
2:58 of 1st period - Stopped by Jason Missiaen with a rebound.
3:00 of 1st period - Wrist shot by Corey Trivino.
3:00 of 1st period - Stopped by Jason Missiaen with a rebound.
3:51 of 1st period - Snap shot by Lars Eller.
3:51 of 1st period - Stopped by Jason Missiaen without a rebound.
3:52 of 1st period - David Desharnais wins face-off versus Vladislav Namestnikov in Griffins zone.
4:51 of 1st period - Slapshot by Justin Braun.
4:51 of 1st period - Shot Blocked by Philip Larsen.
5:05 of 1st period - Petter Granberg is hit by Lars Eller and loses puck.
5:12 of 1st period - Slapshot by Oscar Klefbom.
5:12 of 1st period - Goal by Oscar Klefbom - Staline : 0 - Griffins : 2.
5:13 of 1st period - Jamie Arniel wins face-off versus David Desharnais in neutral zone.
5:20 of 1st period - Wrist shot by Tye McGinn.
5:20 of 1st period - Stopped by Allen York with a rebound.
5:22 of 1st period - Slapshot by Petter Granberg.
5:22 of 1st period - Shot Blocked by James Sheppard.
5:24 of 1st period - Wrist shot by Tye McGinn.
5:24 of 1st period - Shot Blocked by Dustin Kohn.
6:00 of 1st period - Wrist shot by J.T. Brown.
6:00 of 1st period - Stopped by Allen York without a rebound.
6:01 of 1st period - Marek Zagrapan wins face-off versus Devin Shore in Staline zone.
6:14 of 1st period - Snap shot by Marek Zagrapan.
6:14 of 1st period - Deflect By Bryan Bickell.
6:14 of 1st period - Stopped by Jason Missiaen with a rebound.
6:48 of 1st period - Snap shot by Danny Kristo.
6:48 of 1st period - Shot Blocked by Simon Despres.
6:59 of 1st period - Off-side.
7:00 of 1st period - David Desharnais wins face-off versus Jamie Arniel in neutral zone.
7:09 of 1st period - Wrist shot by Jordan Caron.
7:09 of 1st period - Shot Blocked by Tye McGinn.
7:11 of 1st period - Backhand shot by Brandon Burlon.
7:11 of 1st period - Stopped by Jason Missiaen with a rebound.
7:13 of 1st period - Snap shot by Jordan Caron.
7:13 of 1st period - Shot Blocked by Petter Granberg.
7:15 of 1st period - Slapshot by Dustin Kohn.
7:15 of 1st period - Shot Blocked by Jamie Arniel.
7:27 of 1st period - Tyler Pitlick is hit by Pontus Aberg and loses puck.
7:46 of 1st period - Snap shot by Jan Mursak.
7:46 of 1st period - Shot Misses the Net.
7:48 of 1st period - Wrist shot by Petter Granberg.
7:48 of 1st period - Shot Misses the Net.
7:52 of 1st period - Snap shot by Mike Duco.
7:52 of 1st period - Stopped by Allen York with a rebound.
7:56 of 1st period - Wrist shot by Jan Mursak.
7:56 of 1st period - Stopped by Allen York without a rebound.
7:57 of 1st period - Jamie Arniel wins face-off versus David Desharnais in Staline zone.
8:02 of 1st period - Slapshot by Tye McGinn.
8:02 of 1st period - Stopped by Allen York without a rebound.
8:03 of 1st period - James Sheppard wins face-off versus Jamie Arniel in Staline zone.
8:30 of 1st period - Slapshot by Greg Mauldin.
8:30 of 1st period - Stopped by Allen York without a rebound.
8:31 of 1st period - Greg Mauldin wins face-off versus Lars Eller in Staline zone.
9:02 of 1st period - Wrist shot by Lars Eller.
9:02 of 1st period - Stopped by Jason Missiaen without a rebound.
9:03 of 1st period - Tye McGinn wins face-off versus David Desharnais in Griffins zone.
9:28 of 1st period - Slapshot by Dustin Kohn.
9:28 of 1st period - Shot Blocked by Justin Braun.
9:46 of 1st period - Justin Braun is hit by Brandon Burlon and loses puck.
9:55 of 1st period - Slapshot by Dustin Kohn.
9:55 of 1st period - Deflect By Corey Trivino.
9:55 of 1st period - Stopped by Jason Missiaen with a rebound.
11:20 of 1st period - Off-side.
11:21 of 1st period - Greg Mauldin wins face-off versus Lars Eller in neutral zone.
11:21 of 1st period - Greg Mauldin is hit by Lars Eller.
11:33 of 1st period - Backhand shot by Lars Eller.
11:33 of 1st period - Stopped by Jason Missiaen without a rebound.
11:34 of 1st period - Tye McGinn wins face-off versus Lars Eller in Griffins zone.
11:59 of 1st period - David Desharnais is hit by Kyle Lawson and loses puck.
12:42 of 1st period - Andrey Pedan is hit by Petter Granberg and loses puck.
13:23 of 1st period - Wrist shot by David Desharnais.
13:23 of 1st period - Shot Misses the Net.
13:25 of 1st period - Snap shot by David Desharnais.
13:25 of 1st period - Shot Blocked by Petter Granberg.
13:27 of 1st period - Wrist shot by James Sheppard.
13:27 of 1st period - Stopped by Jason Missiaen without a rebound.
13:28 of 1st period - Devin Shore wins face-off versus David Desharnais in Griffins zone.
13:30 of 1st period - Icing by Robert Dome.
13:31 of 1st period - Devin Shore wins face-off versus Tyler Pitlick in Griffins zone.
13:57 of 1st period - Off-side.
13:58 of 1st period - Jamie Arniel wins face-off versus David Desharnais in neutral zone.
14:00 of 1st period - Off-side.
14:01 of 1st period - Lars Eller wins face-off versus Petr Pohl in neutral zone.
14:08 of 1st period - Wrist shot by Lars Eller.
14:08 of 1st period - Stopped by Jason Missiaen with a rebound.
14:12 of 1st period - Slapshot by Lars Eller.
14:12 of 1st period - Stopped by Jason Missiaen without a rebound.
14:13 of 1st period - Jamie Arniel wins face-off versus Lars Eller in Griffins zone.
14:15 of 1st period - Minor Penalty to Nathan Oystrick for Hooking.
14:16 of 1st period - Jamie Arniel wins face-off versus Lars Eller in Griffins zone.
14:16 of 1st period - Jamie Arniel is hit by Lars Eller.
14:34 of 1st period - Icing by Tyler Pitlick.
14:35 of 1st period - Jamie Arniel wins face-off versus Lars Eller in Staline zone.
14:42 of 1st period - Slapshot by Jamie Arniel.
14:42 of 1st period - Stopped by Allen York without a rebound.
14:43 of 1st period - Jamie Arniel wins face-off versus Tyler Pitlick in Staline zone.
14:46 of 1st period - Snap shot by Jan Mursak.
14:46 of 1st period - Shot Blocked by Dustin Kohn.
14:52 of 1st period - Wrist shot by Jan Mursak.
14:52 of 1st period - Deflect By Brandon Burlon.
14:52 of 1st period - Stopped by Allen York with a rebound.
16:15 of 1st period - Penalty to Nathan Oystrick is over, Nathan Oystrick is back on ice.
16:57 of 1st period - Andrey Pedan is hit by J.T. Brown and loses puck.
17:04 of 1st period - Slapshot by Jiri Sekac.
17:04 of 1st period - Stopped by Jason Missiaen without a rebound.
17:05 of 1st period - David Desharnais wins face-off versus Petr Pohl in Griffins zone.
17:18 of 1st period - Snap shot by Petr Pohl.
17:18 of 1st period - Shot Blocked by Viktor Loov.
17:56 of 1st period - Andrey Pedan is hit by Petter Granberg and loses puck.
18:07 of 1st period - Snap shot by Petr Pohl.
18:07 of 1st period - Stopped by Allen York without a rebound.
18:08 of 1st period - Jeff Skinner wins face-off versus Jamie Arniel in Staline zone.
18:13 of 1st period - Snap shot by Lars Eller.
18:13 of 1st period - Stopped by Jason Missiaen with a rebound.
18:33 of 1st period - Greg Mauldin is hit by Brandon Burlon and loses puck.
18:38 of 1st period - Wrist shot by Jordan Caron.
18:38 of 1st period - Shot Blocked by Justin Braun.
18:40 of 1st period - Minor Penalty to Justin Braun for High sticking.
18:41 of 1st period - Lars Eller wins face-off versus Jamie Arniel in Griffins zone.
18:46 of 1st period - Wrist shot by Jeff Skinner.
18:46 of 1st period - Goal by Jeff Skinner - Staline : 1 - Griffins : 2.
18:47 of 1st period - Jamie Arniel wins face-off versus Lars Eller in neutral zone.
18:50 of 1st period - Wrist shot by Jamie Arniel.
18:50 of 1st period - Stopped by Allen York with a rebound.
19:00 of 1st period - Wrist shot by Jeff Skinner.
19:00 of 1st period - Deflect By Lars Eller.
19:00 of 1st period - Stopped by Jason Missiaen with a rebound.
19:21 of 1st period - Wrist shot by Jordan Caron.
19:21 of 1st period - Shot Misses the Net.
19:37 of 1st period - Viktor Loov is hit by Ben Hanowski and loses puck.
19:59 of 1st period - Icing by Oscar Klefbom.
Goals for this period are 1 for Staline vs 2 for Griffins.
Shots for this period are 15 for Staline vs 13 for Griffins.
2nd period
0:01 of 2nd period - Lars Eller wins face-off versus Jamie Arniel in neutral zone.
0:13 of 2nd period - Snap shot by Petr Pohl.
0:13 of 2nd period - Stopped by Allen York with a rebound.
0:15 of 2nd period - Slapshot by Justin Braun.
0:15 of 2nd period - Deflect By Lars Eller.
0:15 of 2nd period - Stopped by Allen York with a rebound.
0:34 of 2nd period - Minor Penalty to J.T. Brown for Tripping.
0:35 of 2nd period - Lars Eller wins face-off versus Jamie Arniel in Griffins zone.
1:46 of 2nd period - Icing by Philip Larsen.
1:47 of 2nd period - Devin Shore wins face-off versus David Desharnais in Staline zone.
2:34 of 2nd period - Penalty to J.T. Brown is over, J.T. Brown is back on ice.
2:36 of 2nd period - Slapshot by Justin Braun.
2:36 of 2nd period - Shot Blocked by Danny Kristo.
2:42 of 2nd period - Jamie Arniel is hit by Brandon Burlon.
3:01 of 2nd period - Snap shot by Nathan Oystrick.
3:01 of 2nd period - Stopped by Allen York without a rebound.
3:02 of 2nd period - Corey Trivino wins face-off versus Greg Mauldin in Staline zone.
3:29 of 2nd period - Jeff Skinner is hit by J.T. Brown and loses puck.
3:34 of 2nd period - Snap shot by Robert Dome.
3:34 of 2nd period - Stopped by Allen York with a rebound.
3:36 of 2nd period - Snap shot by Devin Shore.
3:36 of 2nd period - Stopped by Allen York without a rebound.
3:37 of 2nd period - David Desharnais wins face-off versus Jamie Arniel in Staline zone.
4:23 of 2nd period - Minor Penalty to Greg Mauldin for Hooking.
4:24 of 2nd period - Jan Mursak wins face-off versus Lars Eller in Griffins zone.
6:23 of 2nd period - Penalty to Greg Mauldin is over, Greg Mauldin is back on ice.
6:31 of 2nd period - Marek Zagrapan is hit by Tye McGinn and loses puck.
6:56 of 2nd period - Snap shot by J.T. Brown.
6:56 of 2nd period - Shot Blocked by Andrey Pedan.
6:58 of 2nd period - Slapshot by Nathan Oystrick.
6:58 of 2nd period - Stopped by Allen York with a rebound.
7:24 of 2nd period - Mike Reilly is hit by Oscar Klefbom and loses puck.
7:41 of 2nd period - Wrist shot by Marek Zagrapan.
7:41 of 2nd period - Stopped by Jason Missiaen with a rebound.
9:29 of 2nd period - Bryan Bickell is hit by Kyle Lawson and loses puck.
9:34 of 2nd period - Wrist shot by Robert Dome.
9:34 of 2nd period - Shot Blocked by Viktor Loov.
9:48 of 2nd period - Slapshot by Jiri Sekac.
9:48 of 2nd period - Shot Misses the Net.
9:50 of 2nd period - Backhand shot by Barclay Goodrow.
9:50 of 2nd period - Stopped by Jason Missiaen without a rebound.
9:51 of 2nd period - Jiri Sekac wins face-off versus Vladislav Namestnikov in Griffins zone.
9:58 of 2nd period - Snap shot by Jiri Sekac.
9:58 of 2nd period - Shot Misses the Net.
10:00 of 2nd period - Slapshot by Corey Trivino.
10:00 of 2nd period - Shot Blocked by Kyle Lawson.
10:08 of 2nd period - Snap shot by Corey Trivino.
10:08 of 2nd period - Shot Blocked by Kyle Lawson.
10:10 of 2nd period - Slapshot by Dustin Kohn.
10:10 of 2nd period - Stopped by Jason Missiaen without a rebound.
10:11 of 2nd period - Lars Eller wins face-off versus Jamie Arniel in Griffins zone.
10:12 of 2nd period - Wrist shot by Tyler Pitlick.
10:12 of 2nd period - Shot Misses the Net.
10:14 of 2nd period - Slapshot by Jeff Skinner.
10:14 of 2nd period - Goal by Jeff Skinner - Staline : 2 - Griffins : 2.
10:15 of 2nd period - Jamie Arniel wins face-off versus Jeff Skinner in neutral zone.
10:24 of 2nd period - Slapshot by Dustin Kohn.
10:24 of 2nd period - Shot Misses the Net.
10:26 of 2nd period - Slapshot by Dustin Kohn.
10:26 of 2nd period - Deflect By Justin Braun.
10:26 of 2nd period - Stopped by Jason Missiaen with a rebound.
10:28 of 2nd period - Slapshot by Dustin Kohn.
10:28 of 2nd period - Stopped by Jason Missiaen with a rebound.
10:30 of 2nd period - Slapshot by Dustin Kohn.
10:30 of 2nd period - Deflect By Tye McGinn.
10:30 of 2nd period - Stopped by Jason Missiaen without a rebound.
10:31 of 2nd period - David Desharnais wins face-off versus Devin Shore in Griffins zone.
10:32 of 2nd period - Wrist shot by James Sheppard.
10:32 of 2nd period - Stopped by Jason Missiaen with a rebound.
10:34 of 2nd period - Wrist shot by Dustin Kohn.
10:34 of 2nd period - Deflect By J.T. Brown.
10:34 of 2nd period - Stopped by Jason Missiaen with a rebound.
10:36 of 2nd period - Snap shot by James Sheppard.
10:36 of 2nd period - Shot Misses the Net.
10:38 of 2nd period - Slapshot by Dustin Kohn.
10:38 of 2nd period - Deflect By James Sheppard.
10:38 of 2nd period - Stopped by Jason Missiaen without a rebound.
10:39 of 2nd period - Devin Shore wins face-off versus David Desharnais in Griffins zone.
10:41 of 2nd period - Minor Penalty to Justin Braun for Interference.
10:42 of 2nd period - Jamie Arniel wins face-off versus Lars Eller in Griffins zone.
12:33 of 2nd period - Tye McGinn is hit by James Sheppard.
12:41 of 2nd period - Penalty to Justin Braun is over, Justin Braun is back on ice.
12:43 of 2nd period - Snap shot by Mike Duco.
12:43 of 2nd period - Stopped by Allen York without a rebound.
12:44 of 2nd period - Greg Mauldin wins face-off versus Bryan Bickell in Staline zone.
12:57 of 2nd period - Snap shot by Marek Zagrapan.
12:57 of 2nd period - Stopped by Jason Missiaen with a rebound.
13:09 of 2nd period - Corey Trivino is hit by Simon Despres and loses puck.
13:32 of 2nd period - Icing by Barclay Goodrow.
13:33 of 2nd period - Vladislav Namestnikov wins face-off versus Corey Trivino in Staline zone.
13:42 of 2nd period - Snap shot by Jan Mursak.
13:42 of 2nd period - Shot Blocked by Jiri Sekac.
13:44 of 2nd period - Slapshot by Mike Duco.
13:44 of 2nd period - Shot Blocked by Corey Trivino.
13:46 of 2nd period - Slapshot by Oscar Klefbom.
13:46 of 2nd period - Stopped by Allen York without a rebound.
13:47 of 2nd period - Jamie Arniel wins face-off versus Lars Eller in Staline zone.
14:00 of 2nd period - Snap shot by Lars Eller.
14:00 of 2nd period - Goal by Lars Eller - Staline : 3 - Griffins : 2.
14:01 of 2nd period - Lars Eller wins face-off versus Jamie Arniel in neutral zone.
14:12 of 2nd period - Wrist shot by Lars Eller.
14:12 of 2nd period - Shot Blocked by Jamie Arniel.
14:17 of 2nd period - Justin Braun is hit by Brandon Burlon and loses puck.
14:31 of 2nd period - Off-side.
14:32 of 2nd period - David Desharnais wins face-off versus Devin Shore in neutral zone.
14:47 of 2nd period - Snap shot by David Desharnais.
14:47 of 2nd period - Stopped by Jason Missiaen with a rebound.
14:59 of 2nd period - Lars Eller is hit by Jamie Arniel and loses puck.
15:01 of 2nd period - Minor Penalty to Simon Despres for Tripping.
15:02 of 2nd period - Jamie Arniel wins face-off versus Lars Eller in Griffins zone.
16:59 of 2nd period - Devin Shore is hit by Dustin Kohn and loses puck.
17:01 of 2nd period - Penalty to Simon Despres is over, Simon Despres is back on ice.
17:22 of 2nd period - Wrist shot by Devin Shore.
17:22 of 2nd period - Shot Misses the Net.
17:24 of 2nd period - Slapshot by Simon Despres.
17:24 of 2nd period - Shot Misses the Net.
17:26 of 2nd period - Slapshot by Simon Despres.
17:26 of 2nd period - Stopped by Allen York without a rebound.
17:27 of 2nd period - Vladislav Namestnikov wins face-off versus Marek Zagrapan in Staline zone.
17:32 of 2nd period - Wrist shot by Jan Mursak.
17:32 of 2nd period - Shot Misses the Net.
17:34 of 2nd period - Backhand shot by Mike Duco.
17:34 of 2nd period - Shot Misses the Net.
17:36 of 2nd period - Backhand shot by Justin Braun.
17:36 of 2nd period - Stopped by Allen York with a rebound.
17:38 of 2nd period - Wrist shot by Mike Duco.
17:38 of 2nd period - Deflect By Jan Mursak.
17:38 of 2nd period - Shot Blocked by Andrey Pedan.
17:38 of 2nd period - Puck is out of play.
17:39 of 2nd period - Lars Eller wins face-off versus Greg Mauldin in Staline zone.
18:14 of 2nd period - Wrist shot by Greg Mauldin.
18:14 of 2nd period - Stopped by Allen York with a rebound.
18:16 of 2nd period - Wrist shot by Ben Hanowski.
18:16 of 2nd period - Stopped by Allen York with a rebound.
18:18 of 2nd period - Snap shot by Ben Hanowski.
18:18 of 2nd period - Shot Blocked by Viktor Loov.
18:20 of 2nd period - Snap shot by Ben Hanowski.
18:20 of 2nd period - Goal by Ben Hanowski - Staline : 3 - Griffins : 3.
18:21 of 2nd period - Jamie Arniel wins face-off versus Jordan Caron in neutral zone.
19:07 of 2nd period - Snap shot by Justin Braun.
19:07 of 2nd period - Deflect By Tyler Pitlick.
19:07 of 2nd period - Stopped by Allen York with a rebound.
19:09 of 2nd period - Slapshot by Simon Despres.
19:09 of 2nd period - Stopped by Allen York with a rebound.
19:11 of 2nd period - Snap shot by Greg Mauldin.
19:11 of 2nd period - Stopped by Allen York with a rebound.
19:13 of 2nd period - Wrist shot by Ben Hanowski.
19:13 of 2nd period - Stopped by Allen York without a rebound.
19:14 of 2nd period - David Desharnais wins face-off versus Jamie Arniel in Staline zone.
19:14 of 2nd period - David Desharnais is hit by Tye McGinn.
19:24 of 2nd period - Kyle Lawson is hit by James Sheppard and loses puck.
Goals for this period are 2 for Staline vs 1 for Griffins.
Shots for this period are 13 for Staline vs 17 for Griffins.
3rd period
0:01 of 3rd period - Lars Eller wins face-off versus Petr Pohl in neutral zone.
0:04 of 3rd period - Snap shot by Dustin Kohn.
0:04 of 3rd period - Shot Misses the Net.
0:06 of 3rd period - Slapshot by Brandon Burlon.
0:06 of 3rd period - Deflect By Simon Despres.
0:06 of 3rd period - Stopped by Jason Missiaen with a rebound.
0:37 of 3rd period - Snap shot by James Sheppard.
0:37 of 3rd period - Goal by James Sheppard - Staline : 4 - Griffins : 3.
0:38 of 3rd period - Lars Eller wins face-off versus Jamie Arniel in neutral zone.
0:43 of 3rd period - Wrist shot by Jeff Skinner.
0:43 of 3rd period - Stopped by Jason Missiaen without a rebound.
0:44 of 3rd period - Jamie Arniel wins face-off versus Lars Eller in Griffins zone.
0:44 of 3rd period - Jamie Arniel is hit by Jeff Skinner.
0:58 of 3rd period - Petr Pohl is hit by Tyler Pitlick and loses puck.
1:35 of 3rd period - Minor Penalty to Tyler Pitlick for Hooking.
1:36 of 3rd period - Lars Eller wins face-off versus Greg Mauldin in Staline zone.
3:35 of 3rd period - Penalty to Tyler Pitlick is over, Tyler Pitlick is back on ice.
3:35 of 3rd period - Icing by Devin Shore.
3:36 of 3rd period - Petr Pohl wins face-off versus Marek Zagrapan in Griffins zone.
3:41 of 3rd period - Slapshot by Bryan Bickell.
3:41 of 3rd period - Stopped by Jason Missiaen with a rebound.
3:46 of 3rd period - Minor Penalty to Andrey Pedan for Roughing.
3:47 of 3rd period - Jamie Arniel wins face-off versus Lars Eller in Staline zone.
3:57 of 3rd period - Snap shot by Petr Pohl.
3:57 of 3rd period - Stopped by Allen York with a rebound.
3:59 of 3rd period - Slapshot by Robert Dome.
3:59 of 3rd period - Shot Misses the Net.
4:01 of 3rd period - Backhand shot by Simon Despres.
4:01 of 3rd period - Stopped by Allen York with a rebound.
4:20 of 3rd period - Slapshot by Oscar Klefbom.
4:20 of 3rd period - Deflect By Ben Hanowski.
4:20 of 3rd period - Stopped by Allen York with a rebound.
4:22 of 3rd period - Snap shot by Tye McGinn.
4:22 of 3rd period - Shot Blocked by Viktor Loov.
4:39 of 3rd period - Minor Penalty to Petr Pohl for Tripping.
4:40 of 3rd period - Lars Eller wins face-off versus Robert Dome in Griffins zone.
5:46 of 3rd period - Penalty to Andrey Pedan is over, Andrey Pedan is back on ice.
5:48 of 3rd period - Slapshot by Philip Larsen.
5:48 of 3rd period - Deflect By Oscar Klefbom.
5:48 of 3rd period - Stopped by Jason Missiaen without a rebound.
5:49 of 3rd period - Jamie Arniel wins face-off versus Lars Eller in Griffins zone.
5:58 of 3rd period - Oscar Klefbom is hit by Tyler Pitlick and loses puck.
6:22 of 3rd period - Minor Penalty to J.T. Brown for Tripping.
6:23 of 3rd period - Jamie Arniel wins face-off versus Lars Eller in Griffins zone.
6:29 of 3rd period - Slapshot by Kyle Lawson.
6:29 of 3rd period - Stopped by Allen York with a rebound.
6:39 of 3rd period - Penalty to Petr Pohl is over, Petr Pohl is back on ice.
6:42 of 3rd period - Icing by Lars Eller.
6:43 of 3rd period - Lars Eller wins face-off versus Jamie Arniel in Staline zone.
7:04 of 3rd period - Slapshot by Dustin Kohn.
7:04 of 3rd period - Shot Misses the Net.
7:06 of 3rd period - Snap shot by Jeff Skinner.
7:06 of 3rd period - Stopped by Jason Missiaen with a rebound.
7:08 of 3rd period - Snap shot by Jeff Skinner.
7:08 of 3rd period - Shot Misses the Net.
7:10 of 3rd period - Wrist shot by Tyler Pitlick.
7:10 of 3rd period - Goal by Tyler Pitlick - Staline : 5 - Griffins : 3.
7:11 of 3rd period - David Desharnais wins face-off versus Greg Mauldin in neutral zone.
7:15 of 3rd period - Minor Penalty to Simon Despres for High sticking.
7:16 of 3rd period - Lars Eller wins face-off versus Jamie Arniel in Griffins zone.
7:19 of 3rd period - Snap shot by Jeff Skinner.
7:19 of 3rd period - Shot Misses the Net.
7:41 of 3rd period - Dustin Kohn is hit by Mike Duco and loses puck.
8:15 of 3rd period - Off-side.
8:16 of 3rd period - Tyler Pitlick wins face-off versus J.T. Brown in neutral zone.
9:15 of 3rd period - Penalty to Simon Despres is over, Simon Despres is back on ice.
9:20 of 3rd period - Justin Braun is hit by Bryan Bickell and loses puck.
9:27 of 3rd period - Slapshot by Danny Kristo.
9:27 of 3rd period - Shot Blocked by Jamie Arniel.
10:03 of 3rd period - Icing by Justin Braun.
10:04 of 3rd period - Greg Mauldin wins face-off versus Lars Eller in Griffins zone.
10:13 of 3rd period - Snap shot by Justin Braun.
10:13 of 3rd period - Stopped by Allen York with a rebound.
10:32 of 3rd period - Slapshot by Lars Eller.
10:32 of 3rd period - Stopped by Jason Missiaen without a rebound.
10:33 of 3rd period - Devin Shore wins face-off versus David Desharnais in Griffins zone.
11:23 of 3rd period - Mike Duco is hit by Lars Eller and loses puck.
12:02 of 3rd period - Justin Braun is hit by David Desharnais and loses puck.
12:17 of 3rd period - Tye McGinn is hit by Bryan Bickell and loses puck.
12:35 of 3rd period - Off-side.
12:36 of 3rd period - Vladislav Namestnikov wins face-off versus Lars Eller in neutral zone.
12:38 of 3rd period - Minor Penalty to Vladislav Namestnikov for Tripping.
12:39 of 3rd period - Jamie Arniel wins face-off versus Lars Eller in Griffins zone.
12:51 of 3rd period - Snap shot by Lars Eller.
12:51 of 3rd period - Stopped by Jason Missiaen without a rebound.
12:52 of 3rd period - Lars Eller wins face-off versus Jamie Arniel in Griffins zone.
13:18 of 3rd period - Justin Braun is hit by James Sheppard and loses puck.
13:55 of 3rd period - Nathan Oystrick is hit by Jeff Skinner and loses puck.
14:38 of 3rd period - Penalty to Vladislav Namestnikov is over, Vladislav Namestnikov is back on ice.
15:05 of 3rd period - Minor Penalty to Justin Braun for Holding.
15:06 of 3rd period - Jamie Arniel wins face-off versus Lars Eller in Griffins zone.
15:06 of 3rd period - Jamie Arniel is hit by Jeff Skinner.
15:22 of 3rd period - Snap shot by Lars Eller.
15:22 of 3rd period - Shot Misses the Net.
16:01 of 3rd period - Oscar Klefbom is hit by Dustin Kohn and loses puck.
17:05 of 3rd period - Penalty to Justin Braun is over, Justin Braun is back on ice.
17:08 of 3rd period - Off-side.
17:09 of 3rd period - Marek Zagrapan wins face-off versus Greg Mauldin in neutral zone.
17:11 of 3rd period - Minor Penalty to Andrey Pedan for Tripping.
17:12 of 3rd period - Lars Eller wins face-off versus Jamie Arniel in Staline zone.
17:12 of 3rd period - Lars Eller is hit by Jamie Arniel.
17:19 of 3rd period - Snap shot by Petr Pohl.
17:19 of 3rd period - Shot Blocked by Brandon Burlon.
17:21 of 3rd period - Slapshot by Oscar Klefbom.
17:21 of 3rd period - Stopped by Allen York without a rebound.
17:22 of 3rd period - Lars Eller wins face-off versus Petr Pohl in Staline zone.
18:19 of 3rd period - Wrist shot by Petr Pohl.
18:19 of 3rd period - Stopped by Allen York without a rebound.
18:20 of 3rd period - Marek Zagrapan wins face-off versus Greg Mauldin in Staline zone.
18:26 of 3rd period - Icing by Petter Granberg.
18:27 of 3rd period - Greg Mauldin wins face-off versus Lars Eller in Griffins zone.
19:11 of 3rd period - Penalty to Andrey Pedan is over, Andrey Pedan is back on ice.
19:54 of 3rd period - Minor Penalty to Philip Larsen for Tripping.
19:55 of 3rd period - Jamie Arniel wins face-off versus Lars Eller in Staline zone.
Goals for this period are 2 for Staline vs 0 for Griffins.
Shots for this period are 9 for Staline vs 7 for Griffins.
Back to the Top